 Dungeon Crawl Stone Soup version 0.12.3 (console) character file.

211521 Lightli the Wrestler (level 18, -2/180 HPs)
             Began as a Troll Priest on July 4, 2022.
             Was the Champion of Okawaru.
             Slain by a deep troll earth mage (10 damage)
             ... on Level 25 of the Dungeon.
             The game lasted 01:31:28 (41520 turns).

Lightli the Wrestler (Troll Priest)                Turns: 41520, Time: 01:31:28

HP  -2/180       AC 27     Str 30      XL: 18   Next: 98%
MP  27/27        EV  6     Int 11      God: Okawaru [******]
Gold 3483        SH 29     Dex 10      Spells:  0 memorised, 17 levels left

Res.Fire  : + . .   See Invis. : +     - Unarmed
Res.Cold  : . . .   Warding    : .   D - +0 storm dragon armour
Life Prot.: . . .   Conserve   : .   G - +2 shield of Responsibility {+Rage rElec r
Res.Poison: +       Res.Corr.  : .   U - +1 cap "Klu Dour" {+Rage MR}
Res.Elec. : +       Clarity    : .   s - +2 cloak of the Thief {+Fog Dam-3 SInv Stl
Sust.Abil.: . .     Spirit.Shd : .   (gloves unavailable)
Res.Mut.  : .       Stasis     : .   (boots unavailable)
Res.Rott. : .       Ctrl.Telep.: .   X - amulet of faith
Gourmand  : +       Flight     : .   (no ring)
                                     K - ring of the Mage {Wiz MR Int+3}

@: heroism, extraordinarily resistant to hostile enchantments, extremely
unstealthy
A: unfitting armour, claws 3, fast metabolism 3, gourmand, poison resistance,
regeneration 2, saprovore 2, tough skin 2, AC +1
a: Heroism, Finesse, Renounce Religion, Evoke Fog, Evoke Berserk Rage


You were on level 25 of the Dungeon.
You worshipped Okawaru.
Okawaru was exalted by your worship.
You were full.

You visited 4 branches of the dungeon, and saw 38 of its levels.
You also visited: Labyrinth and Volcano.

You collected 3463 gold pieces.

Inventory:

Armour
 s - the +2 cloak of the Thief (worn) {+Fog Dam-3 SInv Stlth++}
   (Okawaru gifted it to you on level 2 of the Orcish Mines)

   It affects your damage-dealing abilities (-3).
   It enhances your eyesight.
   It can be evoked to emit clouds of fog.
   It makes you much more stealthy.
 D - a +0 storm dragon armour (worn)
 G - the +2 shield of Responsibility (worn) {+Rage rElec rF+ Dam+4 SInv}
   (You found it on level 6 of the Dungeon)

   It affects your damage-dealing abilities (+4).
   It protects you from fire.
   It insulates you from electricity.
   It enhances your eyesight.
   It lets you go berserk.
 U - the +1 cap "Klu Dour" (worn) {+Rage MR}
   (Okawaru gifted it to you on level 18 of the Dungeon)

   It affects your resistance to hostile enchantments.
   It lets you go berserk.
Magical devices
 a - a wand of draining (0)
 b - a wand of fire (1)
 l - a wand of teleportation (1)
 m - a wand of disintegration (8)
 p - a wand of hasting (0)
 u - a wand of draining (4)
 z - a wand of enslavement (5)
 F - a wand of teleportation (2)
 J - a wand of disintegration (13)
 N - a wand of heal wounds (4)
Comestibles
 c - 5 meat rations
 d - a bread ration
 Y - an apricot
 Z - 11 bananas
Scrolls
 t - 2 scrolls of remove curse
 y - a scroll of identify
Jewellery
 e - an uncursed ring of invisibility
 f - an uncursed amulet of resist mutation
 h - an uncursed ring of fire
 j - an uncursed ring of life protection
 k - an uncursed ring of protection from magic
 o - the ring "Xomoilowka" {+Rage SInv}
   (You found it on level 6 of the Lair of Beasts)

   [ring of see invisible]

   It lets you go berserk.
 r - an uncursed amulet of guardian spirit
 v - the ring "Igupriqi" {MP+9 Str+1 Int+3 Stlth++}
   (You found it on level 25 of the Dungeon)

   [ring of magical power]

   It affects your strength (+1).
   It affects your intelligence (+3).
   It makes you much more stealthy.
 x - an uncursed ring of teleportation
 A - an uncursed amulet of warding
 E - an uncursed ring of protection from fire
 H - an uncursed ring of ice
 K - the ring of the Mage (left claw) {Wiz MR Int+3}
   (You found it on level 22 of the Dungeon)

   [ring of wizardry]

   It affects your intelligence (+3).
   It affects your resistance to hostile enchantments.
 O - an uncursed amulet of resist corrosion
 Q - an uncursed ring of ice
 R - an uncursed ring of poison resistance
 V - an uncursed amulet of guardian spirit
 X - an amulet of faith (around neck)
Potions
 g - 7 potions of curing
 i - a potion of agility
 q - 2 potions of restore abilities
 w - 4 potions of might
 B - a potion of magic
 M - a potion of flight
 S - 2 potions of resistance
Rods
 n - a cursed +5 rod of warding (14/14)
   (You took it off a red devil on level 8 of the Lair of Beasts)
 P - a +3 rod of destruction [ice] (12/12)
   (You found it in a labyrinth)


   Skills:
 + Level 12.9(17.9) Fighting
   Level 2.4(7.4) Staves
 - Level 15.4(20.4) Armour
 - Level 0.7(5.7) Dodging
 - Level 9.1(14.1) Shields
 - Level 22.0(27) Unarmed Combat
 - Level 10.3 Invocations
 - Level 9.4 Evocations


You had 17 spell levels left.
You didn't know any spells.

Dungeon Overview and Level Annotations

Branches:
Dungeon (25/27)            Temple (1/1) D:5             Orc (4/4) D:7
   Lair (8/8) D:9           Swamp (0/5) Lair:3       Spider (0/5) Lair:3
  Slime (0/6) Lair:6       Vaults (0/5) D:17
    Elf: Orc:3-4

Altars:
Ashenzari
Cheibriados
Elyvilon
Fedhas
Makhleb
Nemelex Xobeh
Okawaru
Sif Muna
Trog
Vehumet
Xom
Yredelemnul
Zin
the Shining One
Beogh

Shops:
D:6: + Orc:4: [(+[=

Portals:
Hell: D:21 D:22 D:23 D:24 D:25 Lair:8
Abyss: D:22 D:25
Pandemonium: D:24*
Trove: D:16 (give wand of hasting (9))

Annotations
D:4 exclusion: statue


Innate Abilities, Weirdness & Mutations

You are too large for most types of armour.
You have claws for hands.
Your metabolism is lightning-fast.
You like to eat raw meat.
You heal very quickly.
You can eat rotten meat.
You are covered in fur (AC +1).
You have very tough skin (AC +2).
Your system is resistant to poisons.


Message History

Unknown command.
Evoke which item? (* to show all) (? for menu, Esc to quit)
Zapping:
N - a wand of heal wounds (5)
Press: ? - help, Shift-Dir - straight line, f - you You feel much better.
This wand has 4 charges left.
The orc warrior moves out of view.
The deep troll shaman bites you.
* * * LOW HITPOINT WARNING * * *
The deep troll shaman claws you!
* * * LOW HITPOINT WARNING * * *
You block the deep troll shaman's attack.
The deep troll shaman bites you but does no damage.
The deep troll shaman claws you!
* * * LOW HITPOINT WARNING * * *
The deep troll shaman claws you but does no damage.
The deep troll earth mage barely misses you.
The deep troll earth mage claws you but does no damage.
You block the deep troll earth mage's attack.
The deep troll earth mage claws you but does no damage.
The deep troll earth mage claws you!
You die...

#....# .
##....#######..
#...............
##...............
#...⌠............
#.........##.####
#...............#
#...####T.T.o...#
###.# #%@# . #.#
#.......># #.#
#..#.....# #.#
#..#.....# #.#
#..#.....# #.#
#..'.....#
#.####..#.....#
#.......#######
#...........<.


You could see an orc knight, a deep troll earth mage and a deep troll shaman.

Vanquished Creatures
  A silver star (D:25)
  Mara (D:24)
  Margery (D:23)
  2 illusory
  Maras (D:24)
  Xtahua (D:23)
  A titan (D:22)
  3 daevas (D:25)
  The ghost of Yermak the Brawler, a powerful TrPr of Zin (D:15)
  A frost giant (D:24)
  Wiglaf (D:24)
  3 angels (D:25)
  An orc warlord (Orc:4)
  3 fire giants
  8 stone giants
  2 dire elephants (Lair:8)
  A deep elf sorcerer (D:18)
  3 ettins
  3 dragons
  14 yaktaur captains
  A minotaur (Lab)
  2 wizards
  4 vault guards (D:17)
  9 hydras
  A storm dragon skeleton (D:22)
  2 ice dragons
  3 ravenous feature mimics
  5 ogre magi
  4 deep troll shamans
  5 deep troll earth magi
  3 frost giant zombies
  A sphinx skeleton (D:21)
  2 very ugly things
  A shadow dragon skeleton (D:24)
  12 centaur warriors
  4 orc high priests
  3 frost giant skeletons (D:23)
  16 deep trolls
  4 stone giant zombies
  A death yak (Lair:8)
  Nergalle (Orc:4)
  2 sun demons
  A vapour (D:23)
  2 fire giant skeletons
  10 stone giant skeletons
  7 hell knights
  5 deep elf knights
  2 iron trolls
  An ice devil (Orc:3)
  5 flayed ghosts
  6 cherubim (D:25)
  4 unseen horrors
  13 orc knights
  A hill giant (shapeshifter) (D:22)
  2 giant amoebae
  2 iron troll zombies
  4 harpies (D:20)
  15 hill giants
  A crystal golem (D:22)
  6 necromancers
  A catoblepas zombie (D:13)
  A red wasp (shapeshifter) (D:20)
  4 orc sorcerers
  2 iron troll skeletons
  A guardian serpent (shapeshifter) (D:23)
  A sixfirhy (D:24)
  7 griffons
  2 hydra skeletons (D:17)
  5 red wasps
  An ettin zombie (D:22)
  A moth of wrath (shapeshifter) (D:18)
  5 spiny worms
  8 cyclopes
  5 wolf spiders
  A griffon zombie (D:13)
  Maurice (Orc:3)
  A phantasmal warrior (D:22)
  A stone golem (D:18)
  2 fire crabs
  3 elephants (Lair:2)
  3 black mambas
  2 ettin skeletons (D:20)
  38 slime creatures
  An elf (shapeshifter) (D:20)
  32 yaktaurs
  2 orange demons
  3 griffon skeletons
  9 hellwings
  6 spiny frogs
  Psyche (D:8)
  A hill giant zombie (D:10)
  75 ugly things
  A wandering mushroom (D:18)
  An iron devil (D:21)
  A hill giant skeleton (D:6)
  Prince Ribbit (D:8)
  2 human zombies (D:24)
  A deep troll zombie (D:22)
  A deep dwarf artificer (D:14)
  A smoke demon (Lair:8)
  9 komodo dragons
  13 blink frogs
  2 baby alligators (shapeshifter)
  A polar bear (Lair:8)
  8 trolls
  12 two-headed ogres
  2 brown oozes (D:19)
  A grizzly bear (Lair:8)
  A blue devil (Orc:4)
  2 wyverns
  52 yaks
  A griffon simulacrum (D:18)
  2 spectral orcs (Orc:4)
  5 basilisks
  2 wraiths
  2 ynoxinuls
  A vampire (D:20)
  4 hungry ghosts
  3 neqoxecs
  10 hippogriffs
  A steam dragon (D:14)
  2 trapdoor spiders
  A redback (shapeshifter) (D:22)
  A fire drake (D:9)
  8 redbacks (D:24)
  2 yaktaur zombies
  A clay golem (D:15)
  34 vampire mosquitoes
  2 mottled dragons
  7 deep elf fighters
  3 giant slug zombies
  2 rock worms
  6 war dogs
  A boulder beetle (D:24)
  2 soldier ants
  9 freezing wraiths
  A soldier ant (shapeshifter) (D:22)
  4 manticores
  3 yaktaur skeletons
  A manticore zombie (D:6)
  3 necrophages
  4 sky beasts
  55 orc warriors
  A manticore skeleton (D:8)
  4 red devils
  10 giant goldfish
  A phantom (D:9)
  A yak zombie (D:9)
  28 ogres
  9 wargs
  A hippogriff zombie (D:8)
  10 crocodiles
  3 ice beasts
  A naga (shapeshifter) (D:18)
  4 rotting devils
  18 centaurs
  A troll skeleton (D:10)
  5 big kobolds
  2 lava worms (D:9)
  A brain worm (D:18)
  10 water moccasins
  A wolf (Lair:3)
  12 giant slugs
  A giant frog zombie (D:12)
  A deep elf mage (D:22)
  7 agate snails
  2 giant frog skeletons
  12 giant frogs
  An earth elemental (D:22)
  2 electric eels (D:6)
  3 wights (D:11)
  18 killer bees
  A lava fish (D:9)
  15 crimson imps
  5 jellyfish
  2 lava snakes (D:21)
  4 goliath beetles
  2 ogre skeletons
  10 hounds
  An iron imp (D:20)
  A mottled dragon skeleton (D:12)
  A quasit (D:24)
  29 orc priests
  2 shadows
  8 worker ants
  A hound skeleton (D:9)
  32 orc wizards
  9 iguanas
  9 big fish
  2 scorpions
  7 orange rats (Lair:5)
  8 porcupines
  19 sheep
  6 deep elf soldiers
  6 jellies
  2 boggarts (D:20)
  Terence (D:3)
  2 mummies
  2 giant centipedes
  17 adders
  34 green rats
  A lemure (D:20)
  2 shadow imps (D:20)
  7 worms
  3 giant mites
  10 ufetubi
  2 giant eyeballs
  14 giant geckos
  2 oozes
  175 orcs
  16 bats
  7 giant cockroaches
  19 goblins
  23 hobgoblins
  18 jackals
  12 quokkas
  4 ball pythons
  8 giant newts
  A giant spore (D:7)
  35 kobolds
  24 rats
  5 ballistomycetes (D:7)
1541 creatures vanquished.

Vanquished Creatures (others)
  2 yaktaurs (D:25)
  A human zombie (D:23)
  A deep elf conjurer (D:18)
  An orc warrior (D:25)
  A scorpion (D:7)
  3 boggarts (D:20)
  An orc (D:25)
  3 goblins
  2 jackals
  A giant spore (D:7)
  2 rats
  A fungus (Lair:6)
  5 plants
24 creatures vanquished.

Grand Total: 1565 creatures vanquished

Notes
Turn   | Place    | Note
--------------------------------------------------------------
     0 | D:1      | Lightli, the Troll Priest, began the quest for the Orb.
     0 | D:1      | Reached XP level 1. HP: 20/20 MP: 2/2
     0 | D:1      | Fell from the grace of Zin
    76 | D:1      | Reached skill level 1 in Unarmed Combat
   263 | D:1      | Reached XP level 2. HP: 28/28 MP: 3/3
   804 | D:2      | Reached XP level 3. HP: 35/35 MP: 5/5
   849 | D:2      | Found a white marble altar of Elyvilon.
  1172 | D:2      | Reached XP level 4. HP: 42/42 MP: 5/5
  1595 | D:3      | Noticed Terence
  1615 | D:3      | Killed Terence
  2174 | D:3      | Reached XP level 5. HP: 46/49 MP: 6/6
  2529 | D:3      | Reached skill level 5 in Unarmed Combat
  3551 | D:4      | Reached XP level 6. HP: 44/58 MP: 8/8
  3561 | D:4      | Reached skill level 6 in Unarmed Combat
  3687 | D:4      | Noticed an ogre
  3696 | D:4      | Killed an ogre
  3935 | D:4      | Reached skill level 7 in Unarmed Combat
  3952 | D:4      | Found a radiant altar of Vehumet.
  4137 | D:5      | Entered Level 5 of the Dungeon
  4153 | D:5      | Found a staircase to the Ecumenical Temple.
  4162 | Temple   | Entered the Ecumenical Temple
  4356 | Temple   | Became a worshipper of Warmaster Okawaru
  4667 | D:5      | Reached XP level 7. HP: 60/65 MP: 8/8
  5112 | D:6      | Reached skill level 8 in Unarmed Combat
  5393 | D:6      | HP: 3/65 [orc priest/divine providence (16)]
  5514 | D:6      | Acquired Okawaru's first power
  5566 | D:6      | Identified a scroll of acquirement
  5567 | D:6      | Got a silk robe
  5574 | D:6      | Identified the +0 robe "Maafepn" {Str-4 Int+3 Acc+4} (You acquired it on level 6 of the Dungeon)
  5588 | D:6      | Got a heavily runed shield
  5595 | D:6      | Identified the +2 shield of Responsibility {+Rage rElec rF+ Dam+4 SInv} (You found it on level 6 of the Dungeon)
  5766 | D:6      | Noticed a hill giant skeleton
  5794 | D:6      | Reached skill level 9 in Unarmed Combat
  5794 | D:6      | Reached XP level 8. HP: 64/72 MP: 9/9
  5805 | D:6      | Killed a hill giant skeleton
  5885 | D:6      | Found Xusuce's Book Shop.
  6004 | D:7      | Reached skill level 10 in Unarmed Combat
  6274 | D:7      | Reached XP level 9. HP: 61/79 MP: 11/11
  6299 | D:7      | Reached skill level 11 in Unarmed Combat
  6521 | D:7      | Reached skill level 1 in Shields
  7070 | D:7      | Found a staircase to the Orcish Mines.
  7201 | D:8      | Noticed Psyche
  7211 | D:8      | Killed Psyche
  7211 | D:8      | Reached skill level 5 in Shields
  7662 | D:8      | Noticed Prince Ribbit
  7674 | D:8      | Killed Prince Ribbit
  7674 | D:8      | Reached XP level 10. HP: 71/87 MP: 11/11
  7727 | D:8      | Gained mutation: Your system is resistant to poisons. [potion of mutation]
  8055 | D:9      | Found a staircase to the Lair.
  8443 | D:9      | Paralysed by a giant eyeball for 3 turns
  8767 | D:9      | Acquired Okawaru's second power
  9141 | Lair:1   | Entered Level 1 of the Lair of Beasts
  9248 | Lair:1   | Noticed a six-headed hydra
  9260 | Lair:1   | HP: 5/130 [11-headed hydra (14)]
  9568 | Lair:2   | Reached skill level 12 in Unarmed Combat
  9661 | Lair:2   | Noticed a four-headed hydra
  9969 | Lair:3   | Reached XP level 11. HP: 75/94 MP: 12/12
  9995 | Lair:3   | Found a shattered altar of Ashenzari.
 10003 | Lair:3   | Found a hole to the Spider Nest.
 10112 | Lair:3   | Noticed a five-headed hydra
 10123 | Lair:3   | Killed a nine-headed hydra
 10123 | Lair:3   | Received a gift from Okawaru
 10123 | Lair:3   | Reached skill level 13 in Unarmed Combat
 10134 | Lair:3   | Got a fabulously ornate robe {god gift}
 10141 | Lair:3   | Identified the +2 robe "Graskeff" {MR} (Okawaru gifted it to you on level 3 of the Lair of Beasts)
 10372 | Lair:3   | Found a staircase to the Swamp.
 10597 | Lair:3   | Noticed a black mamba
 10603 | Lair:3   | Killed a black mamba
 10922 | Lair:4   | Reached skill level 14 in Unarmed Combat
 11488 | Lair:4   | Reached skill level 15 in Unarmed Combat
 11781 | Lair:4   | Noticed a six-headed hydra
 12579 | Lair:6   | Reached skill level 16 in Unarmed Combat
 12602 | Lair:6   | Got a glittering glass ring
 12678 | Lair:6   | Received a gift from Okawaru
 12679 | Lair:6   | Got a steaming robe {god gift}
 12686 | Lair:6   | Identified the -4 robe of the Doldrums {Str+4 Int+4} (Okawaru gifted it to you on level 6 of the Lair of Beasts)
 12801 | Lair:6   | Found a staircase to the Slime Pits.
 13219 | Lair:6   | Identified the ring "Xomoilowka" {+Rage SInv} (You found it on level 6 of the Lair of Beasts)
 13235 | Lair:7   | Noticed a four-headed hydra
 13247 | Lair:7   | Killed a 11-headed hydra
 13353 | Lair:7   | Reached XP level 12. HP: 73/106 MP: 14/14
 13589 | Lair:7   | Reached skill level 5 in Fighting
 13914 | Lair:8   | Entered Level 8 of the Lair of Beasts
 14137 | Lair:8   | Noticed a dire elephant
 14167 | Lair:8   | Killed a dire elephant
 14477 | Lair:8   | Noticed a death yak
 14507 | Lair:8   | Killed a death yak
 14507 | Lair:8   | Received a gift from Okawaru
 14515 | Lair:8   | Noticed a dire elephant
 14542 | Lair:8   | HP: 4/115 [dire elephant (31)]
 14570 | Lair:8   | Killed a dire elephant
 14774 | Lair:8   | Noticed an eight-headed hydra
 14813 | Lair:8   | Killed a 12-headed hydra
 14963 | Lair:8   | Found a dark tunnel.
 14968 | Volcano  | Entered a volcano
 15154 | Lair:8   | Noticed a five-headed hydra
 15164 | Lair:8   | Killed an eight-headed hydra
 15164 | Lair:8   | Reached skill level 10 in Fighting
 15347 | Lair:8   | Received a gift from Okawaru
 15347 | Lair:8   | Reached skill level 1 in Armour
 15348 | Lair:8   | Got a pitted large shield {god gift}
 15362 | Lair:8   | Identified the +0 large shield of the Kettle-Drum {+Fly} (Okawaru gifted it to you on level 8 of the Lair of Beasts)
 15567 | Lair:8   | Noticed a seven-headed hydra
 15577 | Lair:8   | Killed a ten-headed hydra
 15632 | Lair:8   | Noticed a crazed wizard
 15648 | Lair:8   | Killed a crazed wizard
 15790 | Lair:8   | Found a burning altar of Makhleb.
 15901 | Lair:8   | Reached XP level 13. HP: 127/127 MP: 14/14
 15915 | Lair:8   | Identified a +5 rod of warding (14/14) (You took it off a red devil on level 8 of the Lair of Beasts)
 15922 | Lair:8   | Noticed a sun demon
 15934 | Lair:8   | Killed a sun demon
 15934 | Lair:8   | Reached skill level 5 in Armour
 16092 | Lair:8   | Found a gateway to Hell.
 16649 | Lair:4   | Killed a ten-headed hydra
 16860 | Lair:2   | Killed a six-headed hydra
 16976 | Lair:2   | Received a gift from Okawaru
 17392 | D:10     | Entered Level 10 of the Dungeon
 17399 | D:10     | Paralysed by a giant eyeball for 3 turns
 17532 | D:10     | Reached skill level 5 in Invocations
 18083 | D:11     | Received a gift from Okawaru
 19054 | D:13     | Found a snail-covered altar of Cheibriados.
 19455 | D:14     | Entered Level 14 of the Dungeon
 19637 | D:14     | Received a gift from Okawaru
 19788 | D:14     | Reached skill level 10 in Invocations
 20211 | D:14     | Found a shimmering altar of Xom.
 20224 | D:14     | Reached XP level 14. HP: 127/136 MP: 24/24
 20314 | D:13     | Received a gift from Okawaru
 20834 | D:15     | Entered Level 15 of the Dungeon
 20999 | D:15     | Noticed Yermak's ghost (powerful TrPr)
 21011 | D:15     | Killed Yermak's ghost
 21011 | D:15     | Reached skill level 17 in Unarmed Combat
 22236 | Orc:1    | Entered Level 1 of the Orcish Mines
 22920 | Orc:2    | Received a gift from Okawaru
 23017 | Orc:2    | Reached skill level 1 in Evocations
 23416 | Orc:3    | Noticed Maurice
 23432 | Orc:3    | Killed Maurice
 23914 | Orc:4    | Entered Level 4 of the Orcish Mines
 23914 | Orc:4    | Found a labyrinth entrance.
 23919 | Lab      | Entered a labyrinth
 24206 | Lab      | Got a dazzling troll leather armour
 24223 | Lab      | Identified the +2 troll leather armour of Action {+Rage MR Curse} (You found it in a labyrinth)
 24326 | Orc:4    | Found Ucaoxeoq's Antique Armour Shop.
 24662 | Orc:4    | Reached skill level 5 in Evocations
 25176 | Orc:4    | Found a roughly hewn altar of Beogh.
 25197 | Orc:4    | Found Tematan's Jewellery Shoppe.
 25468 | Orc:4    | Noticed an orc warlord
 25484 | Orc:4    | Killed an orc warlord
 25602 | Orc:4    | Found a roughly hewn altar of Beogh.
 25602 | Orc:4    | Noticed Nergalle
 25603 | Orc:4    | Found Psetruenu's Book Boutique.
 25627 | Orc:4    | Killed Nergalle
 25843 | Orc:4    | Found Pekoemot's Antique Armour Emporium.
 25843 | Orc:4    | Found a roughly hewn altar of Beogh.
 25845 | Orc:4    | Found Waerhusug's Antique Weapon Shoppe.
 26186 | D:16     | Received a gift from Okawaru
 26192 | D:16     | Found a blossoming altar of Fedhas.
 26555 | D:16     | Found a portal to a secret trove of treasure.
 26869 | D:17     | Paralysed by you for 3 turns
 27421 | D:17     | Found a staircase to the Vaults.
 27450 | D:17     | Received a gift from Okawaru
 27841 | D:18     | Reached skill level 10 in Armour
 28082 | D:18     | Received a gift from Okawaru
 28441 | D:18     | Reached XP level 15. HP: 106/144 MP: 25/25
 28538 | D:18     | Received a gift from Okawaru
 28539 | D:18     | Got a transparent cap {god gift}
 28542 | D:18     | Identified the +1 cap "Klu Dour" {+Rage MR} (Okawaru gifted it to you on level 18 of the Dungeon)
 28800 | D:18     | Identified a +3 rod of destruction [ice] (12/12) (You found it in a labyrinth)
 29207 | D:18     | Noticed a stone giant
 29226 | D:18     | Killed a stone giant
 29241 | D:18     | Noticed a deep elf sorcerer
 29241 | D:18     | Noticed a stone giant
 29242 | D:18     | Noticed a stone giant
 29270 | D:18     | Killed a deep elf sorcerer
 29289 | D:18     | Killed a stone giant
 29488 | D:18     | Noticed a stone giant
 29507 | D:18     | Killed a stone giant
 29645 | D:18     | Noticed a stone giant
 29663 | D:18     | Killed a stone giant
 29663 | D:18     | Received a gift from Okawaru
 29663 | D:18     | Reached skill level 18 in Unarmed Combat
 29695 | D:18     | Killed a stone giant
 29841 | D:18     | Got a twisted cloak
 29845 | D:18     | Identified the +0 cloak of Vurr {Dex+3 Dam-1} (You found it on level 18 of the Dungeon)
 30674 | D:19     | Reached skill level 19 in Unarmed Combat
 31019 | D:19     | Received a gift from Okawaru
 31433 | D:20     | Entered Level 20 of the Dungeon
 31455 | D:20     | Reached XP level 16. HP: 57/154 MP: 26/26
 31649 | D:20     | Paralysed by a potion of paralysis for 3 turns
 31710 | D:20     | Received a gift from Okawaru
 31775 | D:20     | Reached skill level 20 in Unarmed Combat
 32896 | D:21     | Received a gift from Okawaru
 33056 | D:21     | Reached skill level 21 in Unarmed Combat
 33470 | D:21     | Received a gift from Okawaru
 34649 | D:22     | Reached XP level 17. HP: 160/162 MP: 27/27
 34812 | D:22     | Reached skill level 22 in Unarmed Combat
 34982 | D:22     | Received a gift from Okawaru
 35271 | D:22     | Got a levitating book
 35547 | D:22     | Found a one-way gate to the infinite horrors of the Abyss.
 36006 | D:22     | Noticed a titan
 36027 | D:22     | Killed a titan
 36539 | D:23     | Received a gift from Okawaru
 36808 | D:23     | Noticed Margery
 37038 | D:23     | Noticed Xtahua
 37054 | D:23     | Killed Xtahua
 37427 | D:23     | Received a gift from Okawaru
 37444 | D:23     | Killed Margery
 37768 | D:24     | Received a gift from Okawaru
 37997 | D:24     | Noticed Wiglaf
 38010 | D:24     | Killed Wiglaf
 38010 | D:24     | Reached skill level 15 in Armour
 38104 | D:24     | Received a gift from Okawaru
 38404 | D:24     | Found a one-way gate leading to the halls of Pandemonium.
 38460 | D:24     | Noticed Mara
 38461 | D:24     | Noticed Mara
 38461 | D:24     | Noticed Mara
 38853 | D:24     | Reached XP level 18. HP: 136/171 MP: 27/27
 39049 | D:24     | Noticed Lightli's illusion
 39051 | D:24     | Noticed Mara
 39051 | D:24     | Noticed Mara
 39062 | D:24     | Killed Mara
 39084 | D:24     | Killed Mara
 39094 | D:24     | Killed Mara
 39563 | D:25     | Entered Level 25 of the Dungeon
 39793 | D:25     | Noticed a silver star
 39795 | D:25     | Identified a +2 rod of striking (9/9) (You found it on level 25 of the Dungeon)
 39797 | D:25     | Found a glowing silver altar of Zin.
 39855 | D:25     | Received a gift from Okawaru
 40620 | D:25     | Received a gift from Okawaru
 40960 | D:25     | Killed a silver star
 40997 | D:25     | Got an ancient silver ring
 41004 | D:25     | Identified the ring "Igupriqi" {MP+9 Str+1 Int+3 Stlth++} (You found it on level 25 of the Dungeon)
 41520 | D:25     | HP: 8/180 [deep troll shaman (11)]
 41520 | D:25     | Slain by a deep troll earth mage

Action                   |  1- 3 |  4- 6 |  7- 9 | 10-12 | 13-15 | 16-18 || total
-------------------------+-------+-------+-------+-------+-------+-------++-------
Melee: Unarmed           |   144 |   247 |   294 |   955 |  2270 |  1750 ||  5660
       Quarterstaff      |     6 |       |       |       |       |       ||     6
Invok: Renounce Religion |     1 |       |       |       |       |       ||     1
       Heroism           |       |       |     1 |     9 |    30 |    26 ||    66
       Finesse           |       |       |       |       |     2 |     5 ||     7
 Abil: Evoke Berserk Rag |       |       |       |     6 |     5 |       ||    11
Evoke: Wand              |       |     1 |     6 |    11 |    26 |    13 ||    57
  Use: Scroll            |       |    13 |     5 |    14 |    15 |    11 ||    58
       Potion            |       |       |     3 |     9 |     6 |    11 ||    29
 Stab: Held in net/web   |       |       |     2 |       |       |       ||     2
       Sleeping          |       |       |       |     1 |       |       ||     1
